[Event "Austria Championship Blitz 2024"]
[Site "Innsbruck"]
[Date "2024.06.01"]
[Round "8.19"]
[White "Kummer, Helmut"]
[Black "Froewis, Annika"]
[Result "0-1"]
[ECO "E12"]
[WhiteElo "2212"]
[BlackElo "2075"]
[Annotator "RC"]
[PlyCount "62"]
[EventDate "2024.06.01"]
[EventType "swiss"]
[EventCountry "AUT"]
[SourceTitle "playchess.com"]
[Source "ChessBase"]
[SourceQuality "1"]
[TimeControl "180+2"]

1. d4 d5 2. c4 e6 3. Nc3 Nf6 4. Bg5 Be7 5. e3 O-O 6. Nf3 b6 7. Bd3 Bb7 8. O-O c5 9. cxd5 Nxd5 10. Bxe7 Qxe7 11. Nxd5 Bxd5 12. e4 Bb7 13. Qe2 Nd7 14. Rac1 Rfd8 15. Rfd1 Rac8 16. Bb1 cxd4 17. Rxc8 Rxc8 18. Nxd4 Nc5 19. f3 Rd8 20. h3 Qf6 21. e5 Qf4 22. Qd2 Qxe5 23. Qf2 g6 24. Bc2 Qf6 25. Nb3 Rxd1+ 26. Bxd1 Nxb3 27. Bxb3 Qf4 28. Qc2 Qg3 29. Qf2 Qe5 30. Qd2 Qc5+ 31. Qf2 Qc1+ 0-1

[Event "Austria Championship Blitz 2024"]
[Site "Innsbruck"]
[Date "2024.06.01"]
[Round "8.20"]
[White "Wolfgang, Valentin"]
[Black "Schnegg, Anna-Lena"]
[Result "0-1"]
[ECO "B06"]
[WhiteElo "1866"]
[BlackElo "2124"]
[Annotator "RC"]
[PlyCount "64"]
[EventDate "2024.06.01"]
[EventType "swiss"]
[EventCountry "AUT"]
[SourceTitle "playchess.com"]
[Source "ChessBase"]
[SourceQuality "1"]
[TimeControl "180+2"]

1. e4 g6 2. d4 Bg7 3. Nf3 d6 4. c3 Nd7 5. Bd3 e5 6. dxe5 Nxe5 7. Nxe5 dxe5 8. O-O c6 9. Be3 Nf6 10. Nd2 O-O 11. Nf3 Qc7 12. h3 Be6 13. Qe2 b6 14. Rfd1 h6 15. a4 Nh5 16. Qd2 Rfd8 17. Bxh6 Rxd3 18. Qxd3 Bxh6 19. Qd6 Qxd6 20. Rxd6 c5 21. Rad1 Bg7 22. Ng5 Re8 23. Nxe6 Rxe6 24. Rd7 a6 25. Ra7 b5 26. axb5 axb5 27. Rdd7 Rf6 28. g4 Nf4 29. g5 Nxh3+ 30. Kh2 Nxg5 31. Kg2 Nxe4 32. f3 Ng5 0-1

[Event "Austria Championship Blitz 2024"]
[Site "Innsbruck"]
[Date "2024.06.01"]
[Round "8.21"]
[White "Hyassat, Milana"]
[Black "Khalakhan, Jurij"]
[Result "0-1"]
[ECO "D43"]
[WhiteElo "1761"]
[BlackElo "2175"]
[Annotator "RC"]
[PlyCount "64"]
[EventDate "2024.06.01"]
[EventType "swiss"]
[EventCountry "AUT"]
[SourceTitle "playchess.com"]
[Source "ChessBase"]
[SourceQuality "1"]
[TimeControl "180+2"]

1. d4 d5 2. c4 c6 3. Nc3 Nf6 4. Nf3 e6 5. Bg5 dxc4 6. a4 h6 7. Bh4 Be7 8. e4 Qa5 9. Bxf6 Bxf6 10. Bxc4 O-O 11. O-O Na6 12. Qe2 Nb4 13. Rfe1 Be7 14. Rad1 b6 15. Ne5 Bf6 16. Ng4 Be7 17. Qf3 Bb7 18. Qg3 Qg5 19. Qf3 Rad8 20. Ne3 Qg6 21. Ne2 Bg5 22. Nf4 Qf6 23. g3 Rxd4 24. Rxd4 Qxd4 25. Rd1 Qxb2 26. h4 Bxf4 27. Qxf4 Bc8 28. Qc7 Nc2 29. Nxc2 Qxc2 30. Rd8 Qxc4 31. Rxc8 Rxc8 32. Qxc8+ Kh7 0-1

[Event "Austria Championship Blitz 2024"]
[Site "Innsbruck"]
[Date "2024.06.01"]
[Round "8.22"]
[White "Kondrak, Christoph"]
[Black "Neubauer, Anton"]
[Result "1-0"]
[ECO "D02"]
[WhiteElo "1972"]
[BlackElo "1857"]
[Annotator "RC"]
[PlyCount "47"]
[EventDate "2024.06.01"]
[EventType "swiss"]
[EventCountry "AUT"]
[SourceTitle "playchess.com"]
[Source "ChessBase"]
[SourceQuality "1"]
[TimeControl "180+2"]

1. d4 d5 2. Nf3 Nf6 3. Bf4 e6 4. e3 Be7 5. a3 a6 6. Nbd2 h6 7. c4 dxc4 8. Bxc4 Nbd7 9. b4 c6 10. O-O Nb6 11. Bd3 Nbd5 12. Bg3 O-O 13. Ne5 Nd7 14. Ndf3 Nxe5 15. Nxe5 Bd6 16. Rc1 Bd7 17. Bb1 Nf6 18. Qc2 a5 19. Nxf7 Rxf7 20. Bxd6 axb4 21. axb4 Be8 22. Be5 g5 23. Qg6+ Kf8 24. Qxh6+ 1-0

[Event "Austria Championship Blitz 2024"]
[Site "Innsbruck"]
[Date "2024.06.01"]
[Round "8.24"]
[White "Stadlinger, Lea"]
[Black "Erhard, Jakob"]
[Result "0-1"]
[ECO "B07"]
[WhiteElo "1912"]
[BlackElo "2057"]
[Annotator "RC"]
[PlyCount "114"]
[EventDate "2024.06.01"]
[EventType "swiss"]
[EventCountry "AUT"]
[SourceTitle "playchess.com"]
[Source "ChessBase"]
[SourceQuality "1"]
[TimeControl "180+2"]

1. d4 Nf6 2. Bf4 d6 3. Nc3 g6 4. e4 Bg7 5. Qd2 c6 6. O-O-O b5 7. f3 a5 8. g4 a4 9. Nb1 Nbd7 10. h4 Nb6 11. h5 Be6 12. a3 Bc4 13. hxg6 hxg6 14. Rxh8+ Bxh8 15. e5 Nfd5 16. e6 fxe6 17. Bg5 Kd7 18. Bd3 Qg8 19. Ne2 Bxd3 20. Qxd3 Rf8 21. Nbc3 Bf6 22. Bh6 Rf7 23. Ne4 Rh7 24. Bd2 Rh2 25. N2c3 Nc4 26. Nxf6+ exf6 27. Ne4 Qh8 28. Bb4 Nxb4 29. axb4 f5 30. Nc5+ Ke7 31. Nxa4 Qa8 32. b3 bxa4 33. Qxc4 a3 34. Kb1 a2+ 35. Ka1 Rf2 36. Re1 Qc8 37. Kxa2 Rxf3 38. gxf5 gxf5 39. Rg1 Kf6 40. Kb2 Qh8 41. Qe2 Qh3 42. Qg2 Qxg2 43. Rxg2 Rf4 44. Kc3 e5 45. dxe5+ dxe5 46. Kd3 Rf3+ 47. Kc4 Rf4+ 48. Kc5 Re4 49. Rg3 f4 50. Rf3 Kf5 51. c4 Re3 52. Rf1 Rxb3 53. b5 cxb5 54. cxb5 e4 55. b6 f3 56. Kc6 Kf4 57. b7 e3 0-1

[Event "Austria Championship Blitz 2024"]
[Site "Innsbruck"]
[Date "2024.06.01"]
[Round "9.1"]
[White "Horvath, Dominik"]
[Black "Platzgummer, Fabian"]
[Result "1-0"]
[ECO "B22"]
[WhiteElo "2554"]
[BlackElo "2311"]
[Annotator "TA"]
[PlyCount "89"]
[EventDate "2024.06.01"]
[EventType "swiss"]
[EventCountry "AUT"]
[SourceTitle "playchess.com"]
[Source "ChessBase"]
[SourceQuality "1"]
[TimeControl "180+2"]

1. e4 c5 2. Nf3 a6 3. c3 d5 4. exd5 Qxd5 5. d4 Nf6 6. Na3 e6 7. Nc4 Qd8 {[%emt 0:00:05] Prevents Nb6} (7... Nbd7 $11 {feels stronger.}) 8. a4 Nc6 9. Be3 cxd4 {[%emt 0:00:02] White has an edge.} 10. Nxd4 Nd5 (10... Bd7 $11) 11. Nxc6 $16 bxc6 12. Bd2 Bc5 13. Be2 O-O 14. b4 Be7 15. O-O Bf6 16. Rc1 e5 17. Na5 Qc7 18. Bf3 {[%emt 0:00:05][%cal Oa5c6] Strongly threatening Nxc6!} Bd7 (18... Bf5 $11) 19. Qb3 (19. Qe2 $16) 19... Rfd8 $14 20. Rfd1 Be6 (20... Rab8 $14 21. Qc4 Nb6) 21. Qc2 (21. Nxc6 $16 Ne3 (21... Qxc6 $2 22. c4 $18) 22. Qb1) 21... Rac8 (21... c5 $11 {keeps the balance.}) 22. Nb3 (22. c4 $16 Ne7 23. Be4) 22... Be7 $11 23. Be2 Qb7 24. Na5 Qb6 25. Nc4 Qc7 26. Qe4 Bf6 (26... Nf6 $11 {remains equal.} 27. Qb1 (27. Qxe5 Qxe5 28. Nxe5 Bb3 $11) 27... Nd5) 27. Ne3 Nf4 28. Bf1 (28. Bxa6 $14 Ra8 29. Bf1 Rxa4 30. Be1) 28... Bd5 (28... Bb3 $11) 29. Nxd5 cxd5 30. Qf3 a5 31. g3 (31. Be3 $1 $16 {g3 would now be deadly.} g5 32. Qg4) 31... Ne6 $14 32. Be3 ({White should play} 32. Qe2 $14) 32... axb4 $2 (32... e4 $1 $15 {keeps the upper hand.} 33. Qf5 Be5) 33. cxb4 $18 Qd7 34. Rxc8 (34. Bb5 $6 Qe7 $18) 34... Rxc8 35. Qxd5 Qxa4 {[%emt 0:00:02][%cal Oc8d8] ...Rd8! is the strong threat.} 36. Qd7 ({But not} 36. b5 $2 Rd8 $19) ({Better is} 36. Qb7 $1 $18 Qxd1 37. Qxc8+ Qd8 38. Qb7) 36... Qxd7 $16 37. Rxd7 Nd4 38. b5 {[%emt 0:00:12] And now b6 would win. White is more active.} Rb8 {[%emt 0:00:00] [#]} (38... Bd8 $16 39. Rb7 (39. Bc4 Kf8 $16) 39... Kf8) 39. Rd5 (39. f4 $1 $18) 39... Kf8 {[%emt 0:00:06] [#]} 40. f4 $1 Nf3+ (40... Rd8 $16 41. Rxd8+ Bxd8) 41. Kg2 $18 Ne1+ (41... e4 $142 42. b6 Ne1+ 43. Kf2 Nd3+ 44. Kg1 (44. Bxd3 exd3 45. Rxd3 Ke8 $16) 44... g6) 42. Kh3 Nc2 43. Bc5+ (43. Ba7 $142 Re8 44. b6) 43... Ke8 $2 (43... Be7 44. Bg1 (44. fxe5 Bxc5 45. Rxc5 Ne3 $18) 44... exf4 45. gxf4 g6) 44. b6 exf4 45. Bb5# {[%emt 0:00:03] Weighted Error Value: White=0.34/Black=0.53.  Loses game:     	---       	Black=1      Mistake:       	White=9     	Black=10     Inaccurate:     	White=4     	Black=4      OK:         	White=13    	Black=13     Best:        	White=1     	Black=1} 1-0

[Event "Austria Championship Blitz 2024"]
[Site "Innsbruck"]
[Date "2024.06.01"]
[Round "9.2"]
[White "Binder, Moriz"]
[Black "Schwabeneder, Florian"]
[Result "0-1"]
[ECO "E90"]
[WhiteElo "2210"]
[BlackElo "2405"]
[Annotator "RC"]
[PlyCount "43"]
[EventDate "2024.06.01"]
[EventType "swiss"]
[EventCountry "AUT"]
[SourceTitle "playchess.com"]
[Source "ChessBase"]
[SourceQuality "1"]
[TimeControl "180+2"]

1. d4 d6 2. Nf3 Nf6 3. c4 g6 4. Nc3 Bg7 5. e4 Bg4 6. Be2 Bxf3 7. Bxf3 e5 8. d5 h5 9. Be3 Bh6 10. Bxh6 Rxh6 11. g4 hxg4 12. Bxg4 Nbd7 13. Bxd7+ Qxd7 14. Qf3 Nh5 15. O-O-O Nf4 16. Ne2 Rh3 17. Ng3 Qa4 18. Kb1 Ke7 19. Rc1 b6 20. Qg4 Qd7 21. Qg5+ Kf8 22. Qf6 0-1

[Event "Austria Championship Blitz 2024"]
[Site "Innsbruck"]
[Date "2024.06.01"]
[Round "9.3"]
[White "Lerch, Johannes"]
[Black "Blohberger, Felix"]
[Result "0-1"]
[ECO "A17"]
[WhiteElo "2208"]
[BlackElo "2506"]
[Annotator "RC"]
[PlyCount "140"]
[EventDate "2024.06.01"]
[EventType "swiss"]
[EventCountry "AUT"]
[SourceTitle "playchess.com"]
[Source "ChessBase"]
[SourceQuality "1"]
[TimeControl "180+2"]

1. Nf3 d5 2. e3 Nf6 3. c4 e6 4. Nc3 a6 5. b3 c5 6. cxd5 exd5 7. d4 Nc6 8. Bb2 Bg4 9. dxc5 Bxc5 10. Be2 O-O 11. O-O Qd6 12. h3 Bf5 13. Rc1 Rad8 14. Na4 Ba7 15. Bd4 Nxd4 16. Nxd4 Bb8 17. Nf3 Be4 18. g3 Nh5 19. Qe1 Rc8 20. Nc3 Nf6 21. Nxe4 dxe4 22. Nd4 g6 23. Kg2 h5 24. h4 Ba7 25. Rd1 Qa3 26. Qd2 Rfd8 27. Rc1 Rxc1 28. Rxc1 Bxd4 29. exd4 Qd6 30. Rd1 Kg7 31. a4 Nd5 32. Bc4 Re8 33. Bxd5 Qxd5 34. Qe3 Re6 35. Re1 a5 36. Kg1 Kg8 37. Kh2 Kg7 38. Kg1 Rb6 39. Qxe4 Qxe4 40. Rxe4 Rxb3 41. Re7 Rb4 42. d5 Rb6 43. d6 Rxd6 44. Rxb7 Rd4 45. Ra7 Rxa4 46. Ra6 Ra2 47. Kg2 Kf8 48. Ra7 Kg7 49. Kg1 a4 50. Kg2 Kf6 51. Ra5 Ke6 52. Kf3 a3 53. Ke3 Ra1 54. Kf3 Kd6 55. Ra7 Kc5 56. Kf4 Kb4 57. Rxf7 Rf1 58. Kg5 a2 59. Ra7 Rxf2 60. Kxg6 Kb3 61. Kxh5 Kb2 62. g4 Rf3 63. Rxa2+ Kxa2 64. g5 Kb3 65. g6 Kc4 66. Kg4 Rf1 67. h5 Kd5 68. h6 Ke6 69. h7 Rg1+ 70. Kf3 Ke5 0-1

[Event "Austria Championship Blitz 2024"]
[Site "Innsbruck"]
[Date "2024.06.01"]
[Round "9.4"]
[White "Shengelia, David"]
[Black "Balint, Peter"]
[Result "1-0"]
[ECO "D79"]
[WhiteElo "2465"]
[BlackElo "2343"]
[Annotator "TA"]
[PlyCount "61"]
[EventDate "2024.06.01"]
[EventType "swiss"]
[EventCountry "AUT"]
[SourceTitle "playchess.com"]
[Source "ChessBase"]
[SourceQuality "1"]
[TimeControl "180+2"]

1. d4 Nf6 2. Nf3 g6 3. c4 Bg7 4. g3 c6 5. Bg2 O-O 6. Nc3 d5 7. cxd5 cxd5 8. Ne5 Nc6 9. Nxc6 bxc6 10. O-O Bf5 11. b3 h5 12. Ba3 Re8 13. Rc1 {[%emt 0:00:08] The position is equal.} Rc8 14. Na4 e5 15. dxe5 Rxe5 16. Bc5 Qd7 17. Bd4 Ree8 18. Nc5 Qe7 19. Re1 h4 20. Qd2 h3 21. Bf3 Ne4 22. Bxe4 dxe4 23. Bxg7 Kxg7 24. Red1 Kh7 25. Qf4 (25. Qe3 $16) 25... Red8 (25... e3 $11) 26. b4 {[%emt 0:00:08] [#]} (26. Re1 $14) 26... a5 $1 27. g4 (27. bxa5 $2 Rxd1+ 28. Rxd1 Qxc5 $19) (27. a3 Rxd1+) 27... Rxd1+ 28. Rxd1 axb4 $2 (28... Rd8 $11 {and Black stays safe.} 29. Rb1 (29. Rxd8 Qxd8 30. f3 exf3 $15) 29... Qh4 30. bxa5 e3 (30... Qxg4+ 31. Qxg4 Bxg4 32. a6 $11)) 29. gxf5 $18 Qxc5 (29... Rd8 $142 30. Rb1 (30. Qxe4 $2 Rxd1#) 30... Rd4) 30. fxg6+ (30. Qxe4 Qxf5 31. Qxf5 gxf5 $19) 30... fxg6 31. Rd7+ {[%emt 0:00:02] Weighted Error Value: White=0.15 (very precise) /Black=0.79.  Loses game:     	---       	Black=1      Mistake:       	White=2     	Black=2      Inaccurate:     	White=2     	Black=2      OK:         	White=4     	Black=3      Best:        	White=4     	---} (31. Qxe4 $2 {loses.} Qg5+ 32. Kf1 Rd8 $19) 1-0

[Event "Austria Championship Blitz 2024"]
[Site "Innsbruck"]
[Date "2024.06.01"]
[Round "9.5"]
[White "Wohlfahrt, Herbert"]
[Black "Wetscher, Wolfgang"]
[Result "1-0"]
[ECO "A55"]
[WhiteElo "2328"]
[BlackElo "1937"]
[Annotator "RC"]
[PlyCount "145"]
[EventDate "2024.06.01"]
[EventType "swiss"]
[EventCountry "AUT"]
[SourceTitle "playchess.com"]
[Source "ChessBase"]
[SourceQuality "1"]
[TimeControl "180+2"]

1. d4 c6 2. c4 Qc7 3. e4 d6 4. Nc3 Nd7 5. Nf3 e5 6. Be2 Ngf6 7. O-O Be7 8. h3 Nf8 9. Be3 Ng6 10. Re1 O-O 11. b4 Bd7 12. Qb3 h6 13. a4 Nh7 14. c5 dxc5 15. bxc5 exd4 16. Bxd4 Be6 17. Bc4 Bxc4 18. Qxc4 Ng5 19. Nxg5 Bxg5 20. Be3 Bxe3 21. Rxe3 Ne5 22. Qb4 a5 23. Qb3 Nd7 24. Qc4 Ne5 25. Qe2 Nd7 26. Rc1 Rad8 27. Rg3 Kh8 28. Qg4 Rg8 29. Qf5 Nf8 30. e5 Qd7 31. Qf3 Ng6 32. Re1 Ne7 33. Qxf7 Rdf8 34. Qc4 Nf5 35. Rf3 Qd2 36. Re2 Qc1+ 37. Kh2 Qg5 38. e6 Ne7 39. Rxf8 Rxf8 40. g3 Qf6 41. Ne4 Qf3 42. Nd6 Nd5 43. Nf7+ Kg8 44. Qe4 Qxe4 45. Rxe4 Nf6 46. Re2 Re8 47. Nd6 Re7 48. f4 g6 49. g4 Nd5 50. Kg3 Kg7 51. Nc8 Re8 52. Nd6 Re7 53. f5 gxf5 54. gxf5 Kf6 55. Kf3 Nc7 56. Rg2 Rg7 57. Rxg7 Kxg7 58. e7 Kf6 59. e8=Q Nxe8 60. Nxe8+ Kxf5 61. Nd6+ Ke5 62. Nxb7 Kd4 63. Nxa5 Kxc5 64. Nb7+ Kb6 65. Nd8 c5 66. Ne6 c4 67. Ke4 Ka5 68. Kd4 Kb4 69. Nf4 c3 70. Ne2 c2 71. Kd3 Kb3 72. a5 Kb4 73. Ke4 1-0

[Event "Austria Championship Blitz 2024"]
[Site "Innsbruck"]
[Date "2024.06.01"]
[Round "9.6"]
[White "Kruckenhauser, Arthur"]
[Black "Schnegg, Daniel"]
[Result "1-0"]
[ECO "B06"]
[WhiteElo "2340"]
[BlackElo "2115"]
[Annotator "RC"]
[PlyCount "35"]
[EventDate "2024.06.01"]
[EventType "swiss"]
[EventCountry "AUT"]
[SourceTitle "playchess.com"]
[Source "ChessBase"]
[SourceQuality "1"]
[TimeControl "180+2"]

1. e4 d6 2. d4 g6 3. Nc3 Bg7 4. Nf3 e6 5. Be3 Ne7 6. Qd2 O-O 7. Bh6 Nd7 8. h4 Nf6 9. Bd3 Re8 10. e5 dxe5 11. dxe5 Ng4 12. Bxg7 Kxg7 13. h5 Nf5 14. Qf4 Ngh6 15. hxg6 fxg6 16. g4 g5 17. Nxg5 Qd4 18. Nge4 1-0

[Event "Austria Championship Blitz 2024"]
[Site "Innsbruck"]
[Date "2024.06.01"]
[Round "9.7"]
[White "Cafasso, Elia"]
[Black "Blaas, Hansjoerg"]
[Result "1-0"]
[ECO "B31"]
[WhiteElo "2178"]
[BlackElo "2222"]
[Annotator "RC"]
[PlyCount "71"]
[EventDate "2024.06.01"]
[EventType "swiss"]
[EventCountry "AUT"]
[SourceTitle "playchess.com"]
[Source "ChessBase"]
[SourceQuality "1"]
[TimeControl "180+2"]

1. e4 c5 2. Nc3 Nc6 3. Bb5 g6 4. Nf3 Bg7 5. Bxc6 dxc6 6. d3 Nf6 7. O-O O-O 8. Be3 b6 9. h3 Qc7 10. Qd2 Rd8 11. Bf4 Qd7 12. Rae1 Nh5 13. Bh2 c4 14. g4 Nf6 15. Ne5 Qe6 16. f4 cxd3 17. f5 Qd6 18. Nxd3 Qd4+ 19. Kh1 Ba6 20. e5 Nd5 21. Re4 Nxc3 22. Rxd4 Rxd4 23. Qxc3 c5 24. f6 exf6 25. exf6 Bh6 26. Kg1 Be3+ 27. Kg2 Bb7+ 28. Kg3 h5 29. Bg1 h4+ 30. Kh2 Bxg1+ 31. Kxg1 Rad8 32. Qd2 Kh7 33. Qg5 Rh8 34. Re1 Rdd8 35. Re7 Bd5 36. Nf4 1-0

[Event "Austria Championship Blitz 2024"]
[Site "Innsbruck"]
[Date "2024.06.01"]
[Round "9.8"]
[White "Myagmarsuren, Mandukhai"]
[Black "Casagrande, Harald"]
[Result "1-0"]
[ECO "A50"]
[WhiteElo "2092"]
[BlackElo "2290"]
[Annotator "RC"]
[PlyCount "49"]
[EventDate "2024.06.01"]
[EventType "swiss"]
[EventCountry "AUT"]
[SourceTitle "playchess.com"]
[Source "ChessBase"]
[SourceQuality "1"]
[TimeControl "180+2"]

1. d4 Nf6 2. c4 e6 3. Nc3 b6 4. Qc2 Bb7 5. e4 Nc6 6. Nf3 Nb4 7. Qb1 d5 8. cxd5 exd5 9. e5 Nd7 10. a3 Na6 11. Bb5 c6 12. Ba4 Nc7 13. O-O Ne6 14. Qd3 Be7 15. Ne1 c5 16. Nc2 cxd4 17. Nxd4 O-O 18. Nxe6 fxe6 19. Bc2 g6 20. Qh3 Nxe5 21. Qxe6+ Nf7 22. Re1 Bc5 23. Bxg6 Qh4 24. g3 Qh6 25. Bxf7+ 1-0

[Event "Austria Championship Blitz 2024"]
[Site "Innsbruck"]
[Date "2024.06.01"]
[Round "9.9"]
[White "Hengl, Philip"]
[Black "Zanon, Magnus"]
[Result "1-0"]
[ECO "C01"]
[WhiteElo "2173"]
[BlackElo "2092"]
[Annotator "ChessBase"]
[PlyCount "244"]
[EventDate "2024.06.01"]
[EventType "swiss"]
[EventCountry "AUT"]
[SourceTitle "playchess.com"]
[Source "ChessBase"]
[SourceQuality "1"]
[TimeControl "180+2"]

1. e4 e6 2. d4 d5 3. exd5 exd5 4. Nf3 Bd6 5. Bd3 Ne7 6. O-O Bg4 7. Bg5 f6 8. Bh4 g5 9. Bg3 h5 10. Re1 Qd7 11. Nbd2 Nbc6 12. c3 O-O-O 13. Qc2 h4 14. Bxd6 Qxd6 15. h3 Bd7 16. Nh2 f5 17. b4 Rdg8 18. b5 Nb8 19. Ndf3 g4 20. hxg4 fxg4 21. Ne5 g3 22. Nhf3 h3 23. Nf7 Qf6 24. Nxh8 Rxh8 25. fxg3 Nf5 26. Bxf5 Bxf5 27. Qd2 hxg2 28. Nh4 Be4 29. Rxe4 dxe4 30. Kxg2 Rf8 31. Qe2 Nd7 32. Rf1 Qe6 33. Rxf8+ Nxf8 34. c4 Nd7 35. Kh2 c6 36. bxc6 bxc6 37. Ng2 Qh6+ 38. Kg1 Nf6 39. Nf4 Qg5 40. Kg2 Qf5 41. Qc2 Ng4 42. Qe2 e3 43. Qf3 Kc7 44. d5 Qc2+ 45. Qe2 Qe4+ 46. Qf3 Qc2+ 47. Qe2 Qe4+ 48. Kh3 Nf2+ 49. Kh4 Qh7+ 50. Kg5 Qg7+ 51. Kf5 Qf7+ 52. Ke5 Qg7+ 53. Kf5 Qf7+ 54. Kg5 Qg7+ 55. Kh4 Qf6+ 56. Kh5 Qf5+ 57. Kh6 Ng4+ 58. Kg7 Qf6+ 59. Kh7 Qh6+ 60. Kg8 Nf6+ 61. Kf7 Nd7 62. Ne6+ Kc8 63. dxc6 Qf6+ 64. Kg8 Qxe6+ 65. Kh7 Qxc6 66. Qxe3 Qxc4 67. Qxa7 Qf7+ 68. Kh6 Qf6+ 69. Kh5 Qf5+ 70. Kh4 Qf6+ 71. Kh3 Qh6+ 72. Kg2 Qd2+ 73. Kg1 Qe1+ 74. Kg2 Qd2+ 75. Qf2 Qd5+ 76. Kh2 Qh5+ 77. Kg2 Qd5+ 78. Kg1 Qd1+ 79. Qf1 Qd4+ 80. Kh2 Qd2+ 81. Qg2 Qh6+ 82. Kg1 Qc1+ 83. Qf1 Qe3+ 84. Qf2 Qc1+ 85. Kg2 Qc6+ 86. Qf3 Qc2+ 87. Qf2 Qc6+ 88. Kf1 Qc1+ 89. Qe1 Qc4+ 90. Qe2 Qc1+ 91. Kf2 Qc5+ 92. Qe3 Qc2+ 93. Qe2 Qc5+ 94. Kg2 Qd5+ 95. Kh2 Ne5 96. Qc2+ Kd7 97. Qf5+ Kd6 98. Qf6+ Kc5 99. Qf2+ Kd6 100. Qb6+ Ke7 101. Qb4+ Kf6 102. Qf4+ Ke6 103. Qh6+ Kd7 104. Qg7+ Qf7 105. Qxe5 Qxa2+ 106. Kh3 Qg8 107. Qf5+ Kc7 108. g4 Qh8+ 109. Kg3 Qc3+ 110. Qf3 Qe1+ 111. Kf4 Qd2+ 112. Kf5 Qa5+ 113. Kg6 Qb6+ 114. Kh5 Qc5+ 115. Qf5 Qg1 116. g5 Qh2+ 117. Kg6 Kd8 118. Qd5+ Ke7 119. Qf7+ Kd6 120. Qf6+ Kd7 121. Kg7 Qb8 122. g6 Qb1 1-0

[Event "Austria Championship Blitz 2024"]
[Site "Innsbruck"]
[Date "2024.06.01"]
[Round "9.10"]
[White "Kienboeck, Benjamin"]
[Black "Polterauer, Chiara"]
[Result "1/2-1/2"]
[ECO "C78"]
[WhiteElo "2187"]
[BlackElo "2136"]
[Annotator "RC"]
[PlyCount "133"]
[EventDate "2024.06.01"]
[EventType "swiss"]
[EventCountry "AUT"]
[SourceTitle "playchess.com"]
[Source "ChessBase"]
[SourceQuality "1"]
[TimeControl "180+2"]

1. e4 e5 2. Nf3 Nc6 3. Bb5 a6 4. Ba4 Nf6 5. O-O b5 6. Bb3 Bc5 7. d3 d6 8. c3 h6 9. a4 Rb8 10. Nbd2 O-O 11. h3 Bb6 12. Re1 Ne7 13. Nf1 Ng6 14. Ng3 Re8 15. Be3 Bxe3 16. Rxe3 c5 17. Bc2 Nf4 18. axb5 axb5 19. d4 cxd4 20. cxd4 Qb6 21. Ne2 N6h5 22. Kh2 Nxe2 23. Rxe2 Nf4 24. Rd2 b4 25. dxe5 dxe5 26. Bb3 Be6 27. Bxe6 Nxe6 28. g3 Nc5 29. Rd6 Qb5 30. Qe1 Nb3 31. Rad1 Qa5 32. R6d5 Qc7 33. Kg2 Na5 34. Rc1 Qb6 35. Qd2 Rbd8 36. Rd1 Rxd5 37. Qxd5 Nc6 38. Rc1 Nd4 39. Nxd4 exd4 40. Rc6 Qa7 41. Rc4 Qa2 42. Rxd4 Qxb2 43. Qd7 Rf8 44. Qd6 Qc2 45. Qxb4 Re8 46. Qb7 Qc3 47. Qd5 Qc2 48. e5 Qf5 49. Re4 Qg6 50. Qd4 Qe6 51. g4 Qa2 52. Re3 Qe6 53. Qe4 Qa2 54. Kg3 Qe6 55. f4 Qa2 56. Qc6 Rf8 57. e6 fxe6 58. Qxe6+ Qxe6 59. Rxe6 Ra8 60. Kh4 Kf7 61. Rb6 Ra7 62. f5 Rc7 63. Kh5 Ra7 64. f6 Ra5+ 65. Kh4 gxf6 66. Rb7+ Kg6 67. Rb6 1/2-1/2

[Event "Austria Championship Blitz 2024"]
[Site "Innsbruck"]
[Date "2024.06.01"]
[Round "9.11"]
[White "Vrban, Damir"]
[Black "Tumanyan, Gor"]
[Result "1/2-1/2"]
[ECO "B24"]
[WhiteElo "2151"]
[BlackElo "1992"]
[Annotator "RC"]
[PlyCount "49"]
[EventDate "2024.06.01"]
[EventType "swiss"]
[EventCountry "AUT"]
[SourceTitle "playchess.com"]
[Source "ChessBase"]
[SourceQuality "1"]
[TimeControl "180+2"]

1. e4 c5 2. Nc3 Nc6 3. g3 g6 4. Bg2 Bg7 5. Nge2 d6 6. a3 Nf6 7. Rb1 a5 8. O-O O-O 9. d3 Bd7 10. h3 Rb8 11. Bg5 b5 12. a4 Nd4 13. Nxb5 Nxb5 14. axb5 Rxb5 15. b3 h6 16. Bd2 Qc7 17. Qc1 Kh7 18. Qa3 Bc6 19. Nc3 Rbb8 20. Ra1 Ra8 21. Ra2 Ra7 22. Rfa1 Rfa8 23. Qc1 Qb7 24. Qe1 Nd7 25. Kh2 1/2-1/2

[Event "Austria Championship Blitz 2024"]
[Site "Innsbruck"]
[Date "2024.06.01"]
[Round "9.12"]
[White "Schwarz, Benedikt"]
[Black "Gschiel, Alexander"]
[Result "0-1"]
[ECO "D00"]
[WhiteElo "1919"]
[BlackElo "2355"]
[Annotator "RC"]
[PlyCount "86"]
[EventDate "2024.06.01"]
[EventType "swiss"]
[EventCountry "AUT"]
[SourceTitle "playchess.com"]
[Source "ChessBase"]
[SourceQuality "1"]
[TimeControl "180+2"]

1. d4 Nf6 2. Bf4 e6 3. e3 d5 4. c3 Bd6 5. Bg3 O-O 6. Nd2 c5 7. Ngf3 Qc7 8. Ne5 Nc6 9. f4 Ne4 10. Nxe4 dxe4 11. Be2 cxd4 12. cxd4 Bb4+ 13. Kf2 Ne7 14. a3 Bd6 15. Qb3 Nd5 16. Rhc1 Qe7 17. Bc4 Nb6 18. Be2 Kh8 19. Nc4 Bc7 20. Nxb6 Bxb6 21. Kg1 f6 22. Rc4 e5 23. Rb4 exd4 24. exd4 Be6 25. Qe3 f5 26. Rc1 Rac8 27. Bc4 Qf6 28. Bxe6 Bxd4 29. Rxd4 Rxc1+ 30. Qxc1 Qxd4+ 31. Bf2 Qd6 32. Ba2 Rd8 33. Bxa7 Qd1+ 34. Qxd1 Rxd1+ 35. Kf2 Rd2+ 36. Kg3 Rxb2 37. Be6 Rb5 38. Bd7 Ra5 39. Bb6 Rxa3+ 40. Kf2 Ra2+ 41. Kg3 Rb2 42. Bd4 Rd2 43. Bf2 Rxd7 0-1

[Event "Austria Championship Blitz 2024"]
[Site "Innsbruck"]
[Date "2024.06.01"]
[Round "9.13"]
[White "Horvath, Reka"]
[Black "Teuschler, Barbara"]
[Result "1-0"]
[ECO "C41"]
[WhiteElo "2009"]
[BlackElo "2040"]
[Annotator "RC"]
[PlyCount "53"]
[EventDate "2024.06.01"]
[EventType "swiss"]
[EventCountry "AUT"]
[SourceTitle "playchess.com"]
[Source "ChessBase"]
[SourceQuality "1"]
[TimeControl "180+2"]

1. e4 e5 2. Nf3 d6 3. d4 exd4 4. Nxd4 Nf6 5. Nc3 Be7 6. Bc4 O-O 7. Bb3 Re8 8. O-O c6 9. h3 h6 10. a4 Bf8 11. Re1 Nbd7 12. Ba2 Nc5 13. Qf3 d5 14. e5 Qb6 15. Bxh6 gxh6 16. exf6 Bd7 17. Qg3+ Kh7 18. b3 Ne4 19. Nxe4 Qxd4 20. c3 Qb6 21. Ng5+ hxg5 22. Qxg5 Re4 23. Bb1 Bh6 24. Qh5 Rf8 25. Rxe4 dxe4 26. Bxe4+ Kg8 27. Qxh6 1-0